 Dungeon Crawl Stone Soup version 0.26.0-7-g794d0892b4 (webtiles) character file.

Game seed: 1268545304249878925

162 Jerry the Cudgeller (level 5, -1/33 HPs)
             Began as a Tengu Abyssal Knight on Jan 11, 2021.
             Was a Believer of Lugonu.
             Slain by a sky beast (2 damage)
             ... on level 3 of the Dungeon.
             The game lasted 00:05:41 (3114 turns).

Jerry the Cudgeller (Tengu Abyssal Knight)          Turns: 3114, Time: 00:05:42

Health: -1/33      AC:  3    Str: 13    XL:     5   Next: 43%
Magic:  4/7        EV: 13    Int: 13    God:    Lugonu [**....]
Gold:   115        SH:  0    Dex: 13    Spells: 4/4 levels left

rFire    . . .     SeeInvis .   a - +1 mace
rCold    . . .     Faith    .   (no shield)
rNeg     . . .     Spirit   .   b - +0 leather armour
rPois    .         Reflect  .   (helmet restricted)
rElec    .         Harm     .   (no cloak)
rCorr    .         Rampage  .   (no gloves)
Will     .....                  (boots unavailable)
Stlth    +.........             (no amulet)
HPRegen  0.11/turn              (no ring)
MPRegen  0.10/turn              (no ring)

@: flying quickly and evasively, quick
A: beak, talons 3, able to fly
a: Stop Flying, Renounce Religion, Depart the Abyss, Bend Space


You were on level 3 of the Dungeon.
You worshipped Lugonu.
Lugonu was pleased with you.
You visited 1 branch of the dungeon, and saw 3 of its levels.
You visited the Abyss 1 time.

You collected 115 gold pieces.

Inventory:

Hand Weapons
 a - a +1 mace (weapon)
Missiles
 c - 74 stones
Armour
 b - a +0 leather armour (worn)
Scrolls
 e - a scroll of amnesia {unknown}
 i - a scroll of fog {unknown}
 j - a scroll of identify {unknown}
 l - a scroll of remove curse {unknown}
 m - a scroll of noise {unknown}
 o - a scroll of enchant armour {unknown}
Potions
 d - a potion of curing {unknown}
 f - a potion of lignification {unknown}
 g - a potion of ambrosia {unknown}
 h - a potion of mutation {unknown}
 k - a potion of magic {unknown}
 n - a potion of brilliance {unknown}


   Skills:
 + Level 3.7 Fighting
 * Level 4.1 Maces & Flails
 + Level 3.3 Armour
 - Level 1.1 Dodging
 + Level 2.5 Invocations


You had 4 spell levels left.
You didn't know any spells.
Your spell library was empty.

Dungeon Overview and Level Annotations

Branches:
Dungeon (3/15)

Altars:
Ashenzari
Dithmenos
Elyvilon
Uskayaw
The Shining One


Innate Abilities, Weirdness & Mutations

You have a beak for a mouth.
You have claws for feet.
You can fly continuously.


Message History

Found a club and 27 arrows.
A frilled lizard comes into view.
The frilled lizard hisses angrily.
The sky beast flickers out of sight!
Deactivating autopickup; reactivate with Ctrl-A.
Something hits you. Something shocks you.
You miss the frilled lizard. Your peck misses the frilled lizard.
The frilled lizard bites you. Something hits you. Something shocks you.
Something hits you. Something shocks you.
* * * LOW HITPOINT WARNING * * *
Things that are here:
a +0 spear; an adder corpse Something hits you.
* * * LOW HITPOINT WARNING * * *
Something shocks you.
* * * LOW HITPOINT WARNING * * *
Okay, then.
You swoop lightly up into the air.
You feel very comfortable in the air. Something hits you.
You die...

....)....##...###.#
................#.#
###.####...........
#........#.#.#
###.....##.#.#
##.....##.#.#
#####..###.##.#.#
........)l{....#.#
..#.##.####@#.##.#
.. ...........#.#
#.#.##.####......#
# # #...........#
#..###.....## #..#
##...## # #..#
##.## #. #..# #)#
#.##..#####.#


You could see a frilled lizard.

Vanquished Creatures
  An orc priest (D:3)
  An orc wizard (D:2)
  4 adders
  4 worms (D:2)
  A leopard gecko (D:2)
  9 orcs
  3 giant cockroaches (D:2)
  6 hobgoblins
  5 kobolds
  5 bats
  A frilled lizard (D:1)
  7 goblins
  4 rats
51 creatures vanquished.

Notes
Turn   | Place    | Note
-------+----------+-------------------------------------------
     0 | Abyss:1  | Jerry the Tengu Abyssal Knight began the quest for the Orb.
     0 | Abyss:1  | Reached XP level 1. HP: 14/14 MP: 3/3
    41 | Abyss:2  | Noticed a tentacled starspawn
    41 | Abyss:2  | Noticed a large abomination
    42 | Abyss:2  | Noticed a small abomination
    43 | Abyss:2  | Noticed a neqoxec
    43 | Abyss:2  | Noticed a starcursed mass
    44 | Abyss:2  | Noticed a small abomination
    44 | Abyss:2  | Noticed a worldbinder
    46 | D:1      | Escaped the Abyss
   743 | D:1      | Found a glowing golden altar of the Shining One.
   878 | D:1      | Reached * piety under Lugonu
   882 | D:1      | Reached XP level 2. HP: 19/19 MP: 4/4
  1362 | D:2      | Reached skill level 3 in Maces & Flails
  1362 | D:2      | Reached XP level 3. HP: 19/23 MP: 5/5
  1451 | D:2      | Reached XP level 4. HP: 22/28 MP: 6/6
  1636 | D:2      | Found a hide-covered altar of Uskayaw.
  1990 | D:2      | Noticed a +0 hand axe
  1990 | D:2      | Noticed a +0 hand axe
  2343 | D:2      | Found a shadowy altar of Dithmenos.
  2427 | D:2      | Found a broken altar of Ashenzari.
  2431 | D:2      | Found a white marble altar of Elyvilon.
  2715 | D:3      | Reached skill level 4 in Maces & Flails
  2715 | D:3      | Gained mutation: You can fly continuously. [Tengu growth]
  2715 | D:3      | Reached XP level 5. HP: 18/33 MP: 7/7
  2729 | D:3      | Reached ** piety under Lugonu
  3098 | D:3      | Noticed a sky beast
  3113 | D:3      | HP: 1/33 [something (6)]
  3114 | D:3      | Slain by a sky beast

Illustrated notes

Levels and vault maps discovered:
D:1:      dpeg_arrival_castle, layout_loops_corners, kennysheep_flooded_box,
          minmay_misc_feat_iff, grunt_decor_junction, chequers_mini_garden
D:2:      layout_rooms, dancing_weapons_uskayaw,
          minmay_overflow_temple_star_quad, st_stairs_2
D:3:      layout_loops_ring, gammafunk_temple_overflow_wave,
          kennysheep_generic_room_11

Skill      XL: |  1  2  3  4 |
---------------+-------------+-----
Maces & Flails | 3 4 |  4.1
Invocations    | 2 |  2.5
Armour         | 3 |  3.3
Fighting       | |  3.7
Dodging        | |  1.1

Action                   |  1- 3 |  4- 6 || total
-------------------------+-------+-------++-------
Melee: Mace              |    42 |    88 ||   130
       Kick              |    12 |    25 ||    37
       Peck              |     3 |     8 ||    11
Invok: Depart the Abyss  |     1 |       ||     1
 Abil: Fly               |       |     1 ||     1
 Stab: Sleeping          |       |     1 ||     1
Armor: Leather armour    |     9 |    20 ||    29
Dodge: Dodged            |    17 |    50 ||    67
